AoeStats
← [GG] Shevchenko 7

Arabia

506746132Analyzed
3v3 RM · 19d ago on Sep 14, 2026· 46m 30s· 6 players
Game mode
Random Map
Map size
Normal (6 player)
Population
200
Speed
Normal
Resources
Standard
Victory
Conquest
Starting age
Dark Age
Ending age
Imperial Age
RankedLock teamsTeams togetherTeam positionsShared explorationLock speedFull tech treeHidden civsTurbo modeCheats
Victory
Defeat
🇺🇸 Spanish · United States
1083
+13
🇺🇸 Byzantines · United States
991
+17
🇺🇸 Vietnamese · United States
945
+20
🇧🇷 Magyars · Brazil
1025
-17
🇧🇷 Franks · Brazil
1020
-17
1013
-16
TooPercentMilk
7:00 Loom
9:34 Feudal Age
10:09 Double-Bit Axe
10:06 Horse Collar
14:58 Fletching
21:36 Castle Age
22:43 Bow Saw
22:36 Heavy Plow
23:14 Wheelbarrow
22:50 Crossbowman
23:27 Bodkin Arrow
23:55 Gold Mining
24:25 Hand Cart
26:26 Padded Archer Armor
27:32 Thumb Ring
27:41 Town Watch
28:51 Town Patrol
32:35 Pikeman
36:43 Imperial Age
35:52 Leather Archer Armor
35:55 Squires
35:57 Scale Mail Armor
36:08 Forging
37:28 Chain Mail Armor
37:02 Arson
36:46 Arbalester
37:27 Bracer
37:58 Ring Archer Armor
40:28 Ballistics
41:09 Chemistry
39:39 Halberdier
41:44 Two-Man Saw
41:16 Crop Rotation
42:22 Plate Mail Armor
42:22 Ring Archer Armor
42:28 Iron Casting
45:03 Elite Skirmisher
HoneyNutGearyOs
8:01 Loom
10:08 Feudal Age
10:44 Double-Bit Axe
13:03 Horse Collar
18:43 Wheelbarrow
21:19 Scale Barding Armor
24:21 Castle Age
22:17 Stone Mining
23:02 Gold Mining
25:19 Heavy Plow
26:50 Bow Saw
27:00 Husbandry
26:23 Light Cavalry
28:57 Stone Shaft Mining
28:58 Gold Shaft Mining
28:55 Hand Cart
29:54 Chain Barding Armor
35:09 Imperial Age
34:05 Forging
35:22 Heavy Camel Rider
36:38 Logistica
40:34 Plate Barding Armor
40:35 Iron Casting
40:45 Caravan
43:17 Elite Cataphract
JustSulls
7:59 Loom
10:32 Feudal Age
12:19 Double-Bit Axe
13:11 Horse Collar
19:56 Castle Age
21:21 Bow Saw
24:17 Heavy Plow
25:00 Wheelbarrow
24:38 Bloodlines
30:45 Husbandry
31:42 Padded Archer Armor
34:13 Leather Archer Armor
33:52 Fletching
40:03 Imperial Age
37:20 Town Watch
38:15 Fervor
38:26 Sanctity
39:28 Inquisition
39:26 Gold Mining
40:26 Bodkin Arrow
40:36 Scale Barding Armor
42:00 Chemistry
42:17 Block Printing
42:44 Hand Cart
43:39 Ballistics
43:15 Murder Holes
42:49 Cavalier
46:42 Conscription
[GG] Shevchenko 7
5:38 Loom
11:03 Feudal Age
14:32 Scale Barding Armor
24:28 Castle Age
23:03 Fletching
25:48 Padded Archer Armor
25:43 Bodkin Arrow
29:06 Wheelbarrow
30:52 Hand Cart
33:04 Forging
42:30 Imperial Age
41:28 Husbandry
43:34 Chain Barding Armor
43:50 Iron Casting
[GG] Raúl González Blanco
9:26 Feudal Age
9:56 Horse Collar
10:05 Loom
18:46 Castle Age
18:40 Town Watch
23:34 Town Patrol
25:46 Pikeman
28:17 Kamandaran
30:28 Wheelbarrow
31:54 Fletching
32:05 Scale Mail Armor
32:13 Scale Barding Armor
32:09 Padded Archer Armor
33:07 Thumb Ring
33:11 Double-Bit Axe
37:30 Hand Cart
39:53 Imperial Age
38:36 Bloodlines
38:26 Husbandry
38:39 Forging
39:05 Light Cavalry
39:56 Bodkin Arrow
41:35 Chemistry
41:41 Crossbowman
[GG] Trezeguet
9:38 Feudal Age
12:28 Loom
13:18 Double-Bit Axe
14:50 Horse Collar
20:53 Castle Age
19:55 Scale Mail Armor
21:22 Wheelbarrow
22:00 Bow Saw
21:58 Heavy Plow
22:48 Gold Mining
23:31 Husbandry
25:51 Corvinian Army
26:45 Chain Mail Armor
26:36 Scale Barding Armor
27:35 Bloodlines
36:01 Chain Barding Armor
35:03 Light Cavalry
39:32 Fletching
39:43 Padded Archer Armor
39:14 Pikeman
42:55 Imperial Age
40:23 Elite Skirmisher
41:52 Bodkin Arrow
42:13 Leather Archer Armor
42:43 Hand Cart
Connection lost

Rejoining the realm…

Still unreachable

The connection could not be restored.

Session expired

The server has moved on; the page needs a fresh start.